[Event "Titled Tuesday Blitz January 17 Early 2023"]
[White "Bortnyk, Olexandr"]
[Black "Babazada, Khazar"]
[WhiteFideId "14120828"]
[BlackFideId "13413554"]
[WhiteElo "2605"]
[BlackElo "2474"]
[Result "1/2-1/2"]
[Round "05"]
[TimeControl "180+2"]
[Date "2023.01.17"]
[WhiteClock "0:00:04"]
[BlackClock "0:00:44"]

1. e4 Nf6 2. e5 Nd5 3. d4 d6 4. c4 Nb6 5. f4 dxe5 6. fxe5 Bf5 7. Nf3 e6 8. Nc3 Be7 9. Bd3 Bxd3 10. Qxd3 Nc6 11. O-O Qd7 12. Be3 O-O-O 13. Rad1 f6 14. exf6 Bxf6 15. Qe2 Qe8 16. Kh1 Qh5 17. b3 Rhf8 18. Rd2 Kb8 19. Ne4 Be7 20. Rdd1 Qg6 21. Nf2 Bf6 22. a3 Na5 23. Qd3 Qxd3 24. Rxd3 Be7 25. Ne4 Nc6 26. Rfd1 Bxa3 27. Nfg5 Rfe8 28. Nxh7 Nb4 29. R3d2 Nc6 30. Nhg5 Bb4 31. Rd3 a5 32. h4 a4 33. c5 Nd5 34. bxa4 Nxe3 35. Rxe3 Rxd4 36. Rxd4 Nxd4 37. g4 e5 38. Kg2 b6 39. cxb6 cxb6 40. h5 Rc8 41. Kh3 Rc1 42. Ng3 Ra1 43. Rxe5 Ra3 44. Re8+ Kb7 45. Rg8 Ne2 46. Rxg7+ Ka6 47. Ne4 Be1 48. h6 Nxg3 49. Nxg3 Bxg3 50. g5 Be5+ 51. Kg4 Rxa4+ 52. Kf5 Ba1 53. Rd7 Rh4 54. h7 b5 55. g6 b4 56. Rd8 Kb7 57. Rd5 Kc6 58. Rd8 Kb7 59. Rd7+ Kb6 60. Rd8 Kb7 1/2-1/2


[Site "https://www.chess.com"]

[Event "Titled Tuesday Blitz January 17 Early 2023"]
[White "Pultinevicius, Paulius"]
[Black "Puranik, Abhimanyu"]
[WhiteFideId "12809390"]
[BlackFideId "5061245"]
[WhiteElo "2537"]
[BlackElo "2613"]
[Result "0-1"]
[Round "05"]
[TimeControl "180+2"]
[Date "2023.01.17"]
[WhiteClock "0:00:07"]
[BlackClock "0:00:16"]

1. d4 Nf6 2. c4 g6 3. Nc3 d5 4. cxd5 Nxd5 5. e4 Nxc3 6. bxc3 Bg7 7. Qa4+ Nd7 8. Nf3 O-O 9. Qa3 c5 10. h4 cxd4 11. cxd4 Nf6 12. e5 Nd5 13. h5 Bg4 14. h6 Bh8 15. Bd2 Bxf3 16. Qxf3 e6 17. Bc4 f6 18. Qg4 Qd7 19. O-O Rac8 20. Bb3 fxe5 21. dxe5 Rf5 22. Rfe1 Rcf8 23. Re2 Bxe5 24. Rae1 Qd6 25. g3 Qb6 26. Be3 Nxe3 27. Rxe3 R8f6 28. Qe4 Bd4 29. Bxe6+ Rxe6 30. Qxe6+ Qxe6 31. Rxe6 Bxf2+ 32. Kg2 Bxe1 33. Rxe1 Kf7 34. Rc1 Re5 35. Kf3 g5 36. g4 Kg6 37. Rc7 Rb5 38. Ke4 Kxh6 39. a4 Rb4+ 40. Kf5 Rf4+ 41. Ke5 Rxg4 42. Rxb7 Rxa4 43. Kf6 Rf4+ 44. Ke5 a5 45. Rb1 a4 46. Rh1+ Kg6 47. Ra1 h5 48. Rb1 h4 49. Rb6+ Kh5 50. Ra6 h3 51. Ra8 Kg4 52. Rh8 Kg3 53. Rh5 h2 54. Rxg5+ Rg4 55. Rh5 Rh4 0-1


[Site "https://www.chess.com"]

[Event "Titled Tuesday Blitz January 17 Early 2023"]
[White "Samunenkov, Ihor"]
[Black "Lenderman, Aleksandr"]
[WhiteFideId "14187086"]
[BlackFideId "2021285"]
[WhiteElo "2501"]
[BlackElo "2572"]
[Result "0-1"]
[Round "05"]
[TimeControl "180+2"]
[Date "2023.01.17"]
[WhiteClock "0:00:02"]
[BlackClock "0:01:21"]

1. d4 e6 2. c4 b6 3. Nf3 Bb7 4. a3 f5 5. g3 Nf6 6. Bg2 Be7 7. O-O O-O 8. d5 Na6 9. b4 Ne4 10. Nd4 Bf6 11. Ra2 exd5 12. Nxf5 dxc4 13. Qa4 d5 14. Ne3 c6 15. Qc2 Nd6 16. Bb2 Nc7 17. Nd2 Ne6 18. Nf3 Bxb2 19. Rxb2 Qf6 20. Rbb1 Rae8 21. Rbd1 Bc8 22. h4 Nb5 23. a4 Nbd4 24. Nxd4 Nxd4 25. Qd2 Nf5 26. Nxf5 Bxf5 27. b5 c3 28. Qa2 c2 29. Rd2 Qc3 0-1


[Site "https://www.chess.com"]

[Event "Titled Tuesday Blitz January 17 Early 2023"]
[White "Bernadskiy, Vitaliy"]
[Black "Gholami Orimi, Mahdi"]
[WhiteFideId "14100371"]
[BlackFideId "12558486"]
[WhiteElo "2592"]
[BlackElo "2420"]
[Result "1-0"]
[Round "05"]
[TimeControl "180+2"]
[Date "2023.01.17"]
[WhiteClock "0:00:06"]
[BlackClock "0:00:04"]

1. d4 Nf6 2. Nf3 d5 3. c4 e6 4. Nc3 Bb4 5. Bg5 h6 6. Bxf6 Qxf6 7. e3 O-O 8. Rc1 dxc4 9. Bxc4 c5 10. dxc5 Bxc5 11. Ne4 Bb4+ 12. Kf1 Qe7 13. g4 Nc6 14. g5 Rd8 15. Bd3 e5 16. gxh6 g6 17. Qe2 Bf5 18. h4 Rxd3 19. Qxd3 Rd8 20. Qc4 Nd4 21. Nfg5 Ne6 22. Nxe6 Bxe6 23. Qc7 Rd7 24. Qc2 Bf5 25. Ke2 Rd2+ 26. Qxd2 Bxd2 27. Nxd2 Qd7 28. Rc3 Qb5+ 29. Nc4 Qd5 30. Rg1 Be4 31. Nd2 Bf5 32. f3 e4 33. fxe4 Bxe4 34. Rg5 Bf5 35. e4 Qe6 36. Kf3 Bh3 37. Kg3 Qd7 38. Nf3 Be6 39. Ne5 Qd2 40. Nf3 Qd1 41. Rc7 Kh7 42. Re5 Kxh6 43. Ng5 Qg1+ 44. Kf3 Bg4+ 45. Kf4 Qh2+ 46. Kxg4 f5+ 47. exf5 Qg2+ 48. Kf4 Qh2+ 49. Ke4 Qxh4+ 50. Kd5 Qxg5 51. Rxb7 Qd2+ 52. Ke6 Qc2 53. Rd7 Qc4+ 54. Rdd5 Qc8+ 55. Kf7 Qc7+ 56. Re7 Qc4 57. Rd7 gxf5 58. Kf6 f4 59. Rd8 Qc6+ 60. R5d6 Qc7 61. Kf5+ Kg7 62. R8d7+ Qxd7+ 63. Rxd7+ Kf8 64. Kxf4 Ke8 65. Rxa7 1-0


[Site "https://www.chess.com"]

[Event "Titled Tuesday Blitz January 17 Early 2023"]
[White "Kamsky, Gata"]
[Black "Dubov, Daniil"]
[WhiteFideId "2000024"]
[BlackFideId "24126055"]
[WhiteElo "2665"]
[BlackElo "2708"]
[Result "1/2-1/2"]
[Round "05"]
[TimeControl "180+2"]
[Date "2023.01.17"]
[WhiteClock "0:00:14"]
[BlackClock "0:00:03"]

1. e4 c5 2. Nf3 e6 3. d4 cxd4 4. Nxd4 Nf6 5. Nc3 Nc6 6. Ndb5 Bc5 7. Bf4 O-O 8. Bc7 Qe7 9. Bd6 Bxd6 10. Qxd6 Qd8 11. Qc7 d5 12. Qxd8 Rxd8 13. exd5 exd5 14. O-O-O d4 15. Ne2 Ne4 16. Rg1 Nxf2 17. Rd2 Ne4 18. Rd1 Bg4 19. Nbxd4 Bxe2 20. Nxe2 Rxd1+ 21. Kxd1 Rd8+ 22. Kc1 Nb4 23. a3 Nd5 24. Ng3 Ne3 25. Bd3 Nxg3 26. hxg3 Kf8 27. Re1 Ng4 28. Be4 b6 29. Bf3 Nf6 30. b4 Re8 31. Rxe8+ Kxe8 32. Kd2 Ke7 33. Ke3 Kd6 34. Kd4 Nd7 35. Bd5 f6 36. c4 Ne5 37. c5+ bxc5+ 38. bxc5+ Kd7 39. Be4 g6 40. Bd5 Kc7 41. Be4 Kd7 42. Bd5 Nc6+ 43. Kc4 Ne5+ 44. Kd4 1/2-1/2


[Site "https://www.chess.com"]

[Event "Titled Tuesday Blitz January 17 Early 2023"]
[White "Kravtsiv, Martyn"]
[Black "Naroditsky, Daniel"]
[WhiteFideId "14113147"]
[BlackFideId "2026961"]
[WhiteElo "2598"]
[BlackElo "2618"]
[Result "1-0"]
[Round "05"]
[TimeControl "180+2"]
[Date "2023.01.17"]
[WhiteClock "0:00:08"]
[BlackClock "0:00:02"]

1. e4 c6 2. Nf3 d5 3. d3 Qc7 4. Nc3 dxe4 5. Nxe4 Nf6 6. Qe2 Nxe4 7. Qxe4 Nd7 8. g3 Nf6 9. Qe2 Bg4 10. Bg2 e6 11. h3 Bh5 12. g4 Bg6 13. Ne5 Bd6 14. f4 O-O-O 15. Bd2 Bxe5 16. fxe5 Nd7 17. Bc3 Nb6 18. O-O-O Nd5 19. Bd2 Rd7 20. a3 Rhd8 21. h4 h6 22. h5 Bh7 23. g5 hxg5 24. Bxg5 Re8 25. Rhf1 Bf5 26. Rde1 Kb8 27. Qf2 c5 28. Qh4 Rc8 29. Rxf5 exf5 30. c4 Nb6 31. Kc2 Rd4 32. Qf2 Qd7 33. Qf3 a6 34. e6 fxe6 35. Rxe6 Rxd3 36. Qf4+ Ka7 37. Re7 Qa4+ 38. Kxd3 Rd8+ 39. Ke3 Nxc4+ 40. Kf2 Qc2+ 41. Kg3 Rd3+ 42. Kh2 Rb3 43. Re8 Kb6 44. Bd8+ Kb5 45. Re7 b6 46. Re6 Rxb2 47. Qf3 Ka4 48. Qc6+ Kxa3 49. Bg5 Qf2 50. Qd5 f4 51. Re1 Ne3 52. Ra1+ Kb4 53. Qe4+ Kb5 54. Qc6+ Kc4 55. Qe4+ Kb5 56. Qa4# 1-0


[Site "https://www.chess.com"]

[Event "Titled Tuesday Blitz January 17 Early 2023"]
[White "Gorodetzky, David"]
[Black "Andreikin, Dmitry"]
[WhiteFideId "2813416"]
[BlackFideId "4158814"]
[WhiteElo "2485"]
[BlackElo "2729"]
[Result "0-1"]
[Round "05"]
[TimeControl "180+2"]
[Date "2023.01.17"]
[WhiteClock "0:00:02"]
[BlackClock "0:00:10"]

1. e4 e6 2. d4 d5 3. e5 c5 4. c3 Qb6 5. Nf3 Nc6 6. Bd3 cxd4 7. O-O Bd7 8. Re1 Rc8 9. a3 Nge7 10. h4 g6 11. b4 Bg7 12. b5 Na5 13. Nxd4 Nc4 14. Bxc4 dxc4 15. a4 Nd5 16. Ba3 Qd8 17. Qf3 Qxh4 18. Nd2 Qf4 19. Qxf4 Nxf4 20. Ne4 Bxe5 21. Bd6 Bxd6 22. Nxd6+ Ke7 23. Nxc8+ Rxc8 24. Rad1 f6 25. Rd2 e5 26. Nc2 Nd3 27. Rb1 Bf5 28. Ne3 Be6 29. Nd1 h5 30. f3 h4 31. Nf2 Bf5 32. Nxd3 cxd3 33. Rb3 g5 34. Kf2 Rc4 35. a5 Kd6 36. Ke3 Kc5 37. Rdb2 g4 38. fxg4 Rxg4 39. Rf2 Rg3+ 40. Rf3 Kc4 41. Rxg3 hxg3 42. Ra3 e4 43. b6 a6 44. Ra4+ Kxc3 45. Rd4 Bh3 46. Kxe4 Bxg2+ 47. Ke3 Bf1 48. Rd7 g2 49. Rc7+ Kb4 50. Rg7 Kxa5 51. Rg6 Kxb6 52. Rxf6+ Ka5 53. Kf2 b5 54. Rg6 b4 55. Ke3 Kb5 56. Rg5+ Ka4 57. Kd2 a5 58. Kc1 Kb3 59. Rg3 a4 0-1


[Site "https://www.chess.com"]

[Event "Titled Tuesday Blitz January 17 Early 2023"]
[White "Paravyan, David"]
[Black "Indjic, Aleksandar"]
[WhiteFideId "4194985"]
[BlackFideId "911925"]
[WhiteElo "2601"]
[BlackElo "2618"]
[Result "0-1"]
[Round "05"]
[TimeControl "180+2"]
[Date "2023.01.17"]
[WhiteClock "0:00:01"]
[BlackClock "0:00:57"]

1. e4 c5 2. Nf3 Nc6 3. Bb5 d6 4. O-O Bd7 5. Re1 Nf6 6. h3 a6 7. Bf1 b5 8. d4 cxd4 9. Nxd4 Nxd4 10. Qxd4 e5 11. Qd1 h6 12. c4 b4 13. a3 a5 14. Bd2 bxa3 15. Rxa3 Be7 16. Nc3 O-O 17. Qa1 Qb6 18. b3 Rfb8 19. Nd5 Nxd5 20. exd5 Bd8 21. b4 a4 22. Rc1 Qb7 23. Qa2 Bg5 24. Bxg5 hxg5 25. b5 Qc7 26. Rxa4 Rxa4 27. Qxa4 Bxb5 28. Qa3 Bd7 29. Qe3 g4 30. hxg4 Bxg4 31. c5 dxc5 32. Rxc5 Qd6 33. Qc1 Bd7 34. g3 f5 35. Bg2 f4 36. gxf4 exf4 37. Rc4 Rf8 38. Qc3 Qg6 39. Kf1 Bb5 40. Bf3 Rc8 41. Be2 Bxc4 42. Bxc4 Qe4 43. d6+ Qxc4+ 44. Qxc4+ Rxc4 0-1


[Site "https://www.chess.com"]

[Event "Titled Tuesday Blitz January 17 Early 2023"]
[White "Lazavik, Denis"]
[Black "Gareyev, Timur"]
[WhiteFideId "13515110"]
[BlackFideId "14200937"]
[WhiteElo "2544"]
[BlackElo "2617"]
[Result "1-0"]
[Round "05"]
[TimeControl "180+2"]
[Date "2023.01.17"]
[WhiteClock "0:00:06"]
[BlackClock "0:00:01"]

1. d4 d6 2. Nf3 Nf6 3. c4 Bf5 4. Nc3 c6 5. Nh4 Bg6 6. g3 e5 7. Bg2 Be7 8. O-O O-O 9. Nxg6 hxg6 10. e3 Qc7 11. b3 Nbd7 12. Bb2 Rfe8 13. Rc1 g5 14. Qd3 g6 15. Ne2 Bf8 16. f4 gxf4 17. gxf4 exd4 18. exd4 Bh6 19. d5 Nc5 20. Qf3 Qe7 21. dxc6 bxc6 22. Nd4 Nh5 23. f5 Bxc1 24. Bxc1 Qe4 25. Qf2 Nd3 26. Bxe4 Nxf2 27. Bxc6 Nd3 28. Bxa8 Rxa8 29. fxg6 fxg6 30. Bd2 Re8 31. Rf3 Ne5 32. Re3 Rf8 33. Re4 Nf6 34. Re2 Nfd7 35. Kg2 Nc5 36. Nb5 Rf6 37. Bg5 Rf5 38. Be3 Ne4 39. Nd4 Rf7 40. Bc1 Nc3 41. Rc2 Ne4 42. h3 Nd3 43. Kg1 Ng3 44. Be3 Re7 45. Bf2 Ne4 46. Be3 Ng3 47. Bg5 Re1+ 48. Kg2 Ne4 49. Nf3 Ra1 50. Be3 Re1 51. Bxa7 Rd1 52. Be3 1-0


[Site "https://www.chess.com"]

[Event "Titled Tuesday Blitz January 17 Early 2023"]
[White "Vokhidov, Shamsiddin"]
[Black "Urazayev, Arystanbek"]
[WhiteFideId "14204223"]
[BlackFideId "13709810"]
[WhiteElo "2586"]
[BlackElo "2460"]
[Result "1-0"]
[Round "05"]
[TimeControl "180+2"]
[Date "2023.01.17"]
[WhiteClock "0:01:20"]
[BlackClock "0:00:38"]

1. e4 c5 2. Nf3 e6 3. d4 cxd4 4. Nxd4 Nf6 5. Nc3 Nc6 6. Nxc6 bxc6 7. e5 Nd5 8. Ne4 Bb7 9. Be2 c5 10. O-O Qc7 11. c4 Qxe5 12. cxd5 Qxe4 13. Bf3 Qb4 14. Re1 Be7 15. Bd2 Qb6 16. dxe6 fxe6 17. Bc3 O-O 18. Qxd7 Bxf3 19. Rxe6 Bc6 20. Rxe7 Bxd7 21. Rxg7+ Kh8 22. Rg6+ Rf6 23. Bxf6+ 1-0


[Site "https://www.chess.com"]

[Event "Titled Tuesday Blitz January 17 Early 2023"]
[White "Murzin, Volodar"]
[Black "Jobava, Baadur"]
[WhiteFideId "44155573"]
[BlackFideId "13601520"]
[WhiteElo "2604"]
[BlackElo "2578"]
[Result "0-1"]
[Round "05"]
[TimeControl "180+2"]
[Date "2023.01.17"]
[WhiteClock "0:00:04"]
[BlackClock "0:01:25"]

1. e4 d6 2. d4 Nf6 3. Nc3 e5 4. dxe5 dxe5 5. Qxd8+ Kxd8 6. Bg5 Bd6 7. O-O-O Nd7 8. f4 exf4 9. Nf3 h6 10. Bxf6+ gxf6 11. Bc4 Ne5 12. Nxe5 fxe5 13. Bxf7 Ke7 14. Bc4 c6 15. Rd2 Bc5 16. Nd1 Rh7 17. c3 Rg7 18. Kc2 a5 19. g3 b5 20. Be2 Be6 21. gxf4 exf4 22. b3 Rf8 23. Bf3 a4 24. b4 Be3 25. Re2 Bc4 26. Nxe3 Bxe2 27. Nf5+ Rxf5 28. Bxe2 Rfg5 0-1


[Site "https://www.chess.com"]

[Event "Titled Tuesday Blitz January 17 Early 2023"]
[White "Tatarinov, Dmitry"]
[Black "Svane, Rasmus"]
[WhiteFideId "24160067"]
[BlackFideId "4657101"]
[WhiteElo "2310"]
[BlackElo "2623"]
[Result "0-1"]
[Round "05"]
[TimeControl "180+2"]
[Date "2023.01.17"]
[WhiteClock "0:02:35"]
[BlackClock "0:01:36"]

1. Nf3 d5 2. c4 e6 3. e3 Nf6 4. b3 b6 5. Bb2 Bb7 6. cxd5 exd5 7. d4 Bd6 8. g3 O-O 9. Bg2 Nbd7 10. O-O Qe7 11. Nc3 a6 12. Ne2 Ne4 13. Nf4 a5 14. a4 c6 15. Rc1 Rac8 16. Qc2 g6 17. Qb1 Rfe8 18. Rfd1 Nxf2 19. Kxf2 Qxe3+ 20. Kf1 Bxf4 21. Rd3 Ba6 22. Rc4 Qe2+ 0-1


[Site "https://www.chess.com"]

[Event "Titled Tuesday Blitz January 17 Early 2023"]
[White "Sanal, Vahap"]
[Black "Kobalia, Mikhail"]
[WhiteFideId "6300545"]
[BlackFideId "4119150"]
[WhiteElo "2600"]
[BlackElo "2578"]
[Result "1-0"]
[Round "05"]
[TimeControl "180+2"]
[Date "2023.01.17"]
[WhiteClock "0:00:24"]
[BlackClock "0:00:10"]

1. Nf3 d5 2. g3 Bg4 3. Bg2 c6 4. O-O e6 5. h3 Bh5 6. c4 Nf6 7. d4 Be7 8. cxd5 exd5 9. Ne5 Nfd7 10. f4 Nxe5 11. dxe5 f6 12. exf6 Bxf6 13. g4 Bf7 14. e4 dxe4 15. Qxd8+ Bxd8 16. Nc3 Bb6+ 17. Kh2 e3 18. Bxe3 Bxe3 19. Rae1 O-O 20. Rxe3 Na6 21. Re7 Rab8 22. Rd1 Rfe8 23. Rxe8+ Rxe8 24. Rd7 Nc5 25. Rc7 Rb8 26. a3 Na6 27. Re7 Kf8 28. Re5 Rd8 29. Ne4 h6 30. f5 Rd5 31. Rxd5 Bxd5 32. Nd6 b6 33. Nc8 Nc5 34. Nxa7 Nd3 35. b4 Bxg2 36. Kxg2 c5 37. bxc5 Nxc5 38. Nc8 Na4 39. Kf3 b5 40. Ke3 Nc3 41. Nd6 Ke7 42. Kd3 Nd5 43. Nxb5 Nf4+ 44. Ke3 Nxh3 45. a4 Kd7 46. a5 Ng5 47. Nd4 Nf7 48. Ne6 Ne5 49. Kf4 Nd3+ 50. Kg3 1-0


[Site "https://www.chess.com"]

[Event "Titled Tuesday Blitz January 17 Early 2023"]
[White "UnknownMagician"]
[Black "Le, Tuan Minh"]
[BlackFideId "12401153"]
[WhiteElo "2637"]
[BlackElo "2542"]
[Result "0-1"]
[Round "05"]
[TimeControl "180+2"]
[Date "2023.01.17"]
[WhiteClock "0:00:05"]
[BlackClock "0:01:03"]

1. c4 c6 2. Nf3 d5 3. e3 Nf6 4. Nc3 a6 5. b3 Bg4 6. Be2 e6 7. Bb2 Nbd7 8. d4 Bd6 9. O-O O-O 10. h3 Bh5 11. Rc1 Qe7 12. Re1 Rfd8 13. Qc2 Bb4 14. Nd2 Bg6 15. Bd3 b5 16. Bxg6 hxg6 17. cxd5 cxd5 18. Qd3 Rac8 19. Rc2 Rc7 20. Rec1 Rdc8 21. Ne2 Qd6 22. Rxc7 Rxc7 23. Rxc7 Qxc7 24. a3 Bd6 25. Qc3 Qb7 26. Qc1 Ne4 27. Nxe4 dxe4 28. Qc2 Nf6 29. g3 g5 30. Kg2 a5 31. a4 b4 32. Bc1 Nd5 33. Bd2 f5 34. Kg1 Kh7 35. Bc1 Qd7 36. Bd2 Qe8 37. g4 Nf6 38. gxf5 exf5 39. Ng3 Bxg3 40. fxg3 Qh5 41. Qc5 Qd1+ 0-1


[Site "https://www.chess.com"]

[Event "Titled Tuesday Blitz January 17 Early 2023"]
[White "Mikhailovsky, Vladimir"]
[Black "Duda, Jan-Krzysztof"]
[WhiteFideId "34105414"]
[BlackFideId "1170546"]
[WhiteElo "2215"]
[BlackElo "2724"]
[Result "1/2-1/2"]
[Round "05"]
[TimeControl "180+2"]
[Date "2023.01.17"]
[WhiteClock "0:00:13"]
[BlackClock "0:00:06"]

1. e4 c5 2. c3 Nf6 3. e5 Nd5 4. Nf3 e6 5. Bc4 d6 6. d4 cxd4 7. Bxd5 exd5 8. O-O dxe5 9. Nxe5 Bd6 10. Qa4+ Nd7 11. Nxd7 Bxd7 12. Re1+ Be7 13. Qxd4 O-O 14. Qxd5 Bc6 15. Qf5 Re8 16. Be3 Bf8 17. Na3 Re6 18. Bg5 Qd5 19. Qxd5 Bxd5 20. Rxe6 Bxe6 21. Nb5 Bc4 22. Nd4 f6 23. Be3 a6 24. b3 Bf7 25. c4 h5 26. Rd1 b5 27. cxb5 axb5 28. Rd2 b4 29. f3 Kh7 30. Kf2 Ra6 31. g3 Bg6 32. h3 Bb1 33. g4 Kg6 34. Rb2 Rxa2 35. Rxa2 Bxa2 36. Ke2 hxg4 37. hxg4 Kf7 38. Kd2 Bb1 39. Nc2 Ba2 40. Nd4 Bb1 41. Nc2 Ke6 42. Kc1 Bxc2 43. Kxc2 Kd5 44. Kd3 Bc5 45. Bxc5 Kxc5 46. Ke4 g5 47. Kf5 Kd4 48. Kxf6 Kc3 49. Kxg5 Kxb3 50. f4 Kc3 51. f5 b3 52. f6 b2 53. f7 b1=Q 54. f8=Q Qc1+ 55. Qf4 Qe1 56. Kg6 Qe8+ 57. Qf7 Qe4+ 58. Qf5 Qe8+ 59. Kh6 Qh8+ 60. Kg5 Qg8+ 61. Qg6 Qd5+ 62. Kh6 Kd4 63. Qf6+ Ke4 64. g5 Qd2 65. Kg7 Qd7+ 66. Kh6 Qd2 67. Kh7 Qh2+ 68. Kg7 Qc7+ 69. Qf7 Qc3+ 70. Kg6 Qc6+ 71. Qf6 Qd7 72. Kh6 Qh3+ 73. Kg7 Qd7+ 74. Qf7 Qd4+ 75. Kg8 Qd8+ 76. Kh7 Qxg5 77. Qg6+ Kf4 78. Qxg5+ Kxg5 1/2-1/2


[Site "https://www.chess.com"]

[Event "Titled Tuesday Blitz January 17 Early 2023"]
[White "Deac, Bogdan-Daniel"]
[Black "Mahdavi, Reza"]
[WhiteFideId "1226380"]
[BlackFideId "12595926"]
[WhiteElo "2700"]
[BlackElo "2339"]
[Result "1-0"]
[Round "05"]
[TimeControl "180+2"]
[Date "2023.01.17"]
[WhiteClock "0:00:59"]
[BlackClock "0:01:16"]

1. b3 g6 2. Bb2 Nf6 3. Nf3 Bg7 4. g3 O-O 5. Bg2 d6 6. d4 c5 7. c4 Qa5+ 8. Bc3 Qb6 9. d5 Ne4 10. Bxg7 Qb4+ 11. Nfd2 Nxf2 12. Kxf2 Kxg7 13. Qc2 Qb6 14. Qc3+ f6 15. Qe3 Rf7 16. h4 Nd7 17. Nf3 Ne5 18. Nxe5 fxe5+ 19. Bf3 Bg4 20. Nd2 h5 21. Kg2 Bxf3+ 22. Nxf3 Raf8 23. Rhf1 Qa5 24. a4 Qb4 25. Ng5 Rxf1 26. Rxf1 Rf6 27. Ne6+ Kh7 28. Ng5+ Kg7 29. Ne4 Rxf1 30. Kxf1 Qa3 31. Qf3 Qc1+ 32. Kg2 Qc2 33. Ng5 Qf5 34. Ne6+ Kf6 35. e4 1-0


[Site "https://www.chess.com"]

[Event "Titled Tuesday Blitz January 17 Early 2023"]
[White "Rohith Krishna S"]
[Black "Eljanov, Pavel"]
[WhiteFideId "46617051"]
[BlackFideId "14102951"]
[WhiteElo "2385"]
[BlackElo "2705"]
[Result "0-1"]
[Round "05"]
[TimeControl "180+2"]
[Date "2023.01.17"]
[WhiteClock "0:00:16"]
[BlackClock "0:00:21"]

1. Nf3 d5 2. g3 Nc6 3. d4 Bf5 4. Bg2 Nb4 5. Na3 e6 6. O-O Be7 7. c3 Nc6 8. Nc2 h6 9. Nd2 Nf6 10. Re1 O-O 11. e4 dxe4 12. Nxe4 Nxe4 13. Bxe4 Bxe4 14. Rxe4 e5 15. d5 Bf6 16. Bxh6 Ne7 17. Be3 Nxd5 18. Qf3 c6 19. Rd1 Qc8 20. Rg4 Qe6 21. c4 Nxe3 22. Nxe3 Rad8 23. Re1 Rd3 24. h4 Rfd8 25. h5 Kf8 26. b3 R8d4 27. Rxd4 exd4 28. Qe2 Rc3 29. Ng4 Qxe2 30. Rxe2 d3 31. Rd2 Bd4 32. Kg2 c5 33. Kf3 Rc2 34. Rxd3 Rxa2 35. Ne3 g6 36. hxg6 fxg6 37. Ng4 Ke7 38. Ke4 Kd6 39. f4 a5 40. Ne3 Kc6 41. Nd5 a4 42. b4 a3 43. b5+ Kd6 44. b6 Re2+ 45. Kf3 Rf2+ 46. Kg4 a2 0-1


[Site "https://www.chess.com"]

[Event "Titled Tuesday Blitz January 17 Early 2023"]
[White "Salimova, Nurgyul"]
[Black "Sadhwani, Raunak"]
[WhiteFideId "2915138"]
[BlackFideId "35093487"]
[WhiteElo "2391"]
[BlackElo "2627"]
[Result "1-0"]
[Round "05"]
[TimeControl "180+2"]
[Date "2023.01.17"]
[WhiteClock "0:00:29"]
[BlackClock "0:00:10"]

1. d4 g6 2. Nf3 Bg7 3. g3 d6 4. Bg2 Nf6 5. O-O O-O 6. c4 Nbd7 7. Nc3 e5 8. e4 Re8 9. Re1 exd4 10. Nxd4 Nc5 11. h3 Bd7 12. b3 Qc8 13. Kh2 Re5 14. f3 Rh5 15. h4 h6 16. Be3 Re5 17. Qd2 Kh7 18. Rad1 a6 19. b4 Ne6 20. Nde2 b5 21. c5 dxc5 22. bxc5 b4 23. Nd5 Ba4 24. Rb1 a5 25. Nxf6+ Bxf6 26. f4 Rh5 27. e5 Be7 28. Bf3 Ng7 29. Qd5 Ra6 30. Bxh5 gxh5 31. Qxf7 Bf8 32. Nd4 Bxc5 33. Rbc1 Bxd4 34. Bxd4 Qg4 35. e6 1-0


[Site "https://www.chess.com"]

[Event "Titled Tuesday Blitz January 17 Early 2023"]
[White "Nazari, Arad"]
[Black "Narayanan.S.L"]
[WhiteFideId "12577324"]
[BlackFideId "5058422"]
[WhiteElo "2367"]
[BlackElo "2660"]
[Result "1-0"]
[Round "05"]
[TimeControl "180+2"]
[Date "2023.01.17"]
[WhiteClock "0:00:13"]
[BlackClock "0:00:02"]

1. e4 e5 2. f4 exf4 3. Nf3 d5 4. exd5 Nf6 5. Bb5+ c6 6. dxc6 bxc6 7. Bc4 Bd6 8. Qe2+ Qe7 9. Qxe7+ Kxe7 10. O-O Be6 11. Bxe6 fxe6 12. b3 Nbd7 13. Na3 e5 14. Bb2 Bxa3 15. Bxa3+ Ke6 16. Rae1 Kf5 17. Bd6 Rae8 18. d4 e4 19. Nh4+ Kg5 20. Rxf4 g6 21. g3 Re6 22. Nf3+ Kh6 23. Ne5 Rhe8 24. Nxd7 Nxd7 25. Ba3 Nf6 26. Bc1 Kg7 27. c4 g5 28. Rf5 h6 29. Ra5 R8e7 30. Be3 Ng4 31. h3 Nxe3 32. Rxe3 Rf7 33. Kg2 Ref6 34. g4 Rf2+ 35. Kg3 Rd2 36. Rxe4 Rd3+ 37. Kg2 Rd2+ 38. Kg3 Rd3+ 39. Kg2 Rff3 40. Rxa7+ Kf6 41. Re8 Rg3+ 42. Kf2 Rxh3 43. Rf8+ Kg6 44. Rg8+ Kf6 45. Rf8+ Kg6 46. Rc7 Rh2+ 47. Kg1 Rxa2 48. Rxc6+ Kg7 49. Rf2 Ra1+ 50. Kg2 Rxd4 51. Rc7+ Kg6 52. Rc6+ Kg7 53. Rff6 Rxg4+ 54. Kf3 Rh4 55. Rg6+ Kh7 56. Rgd6 Rf1+ 57. Kg2 Rf7 58. b4 Rg4+ 59. Kh3 Rh4+ 60. Kg3 Rh1 61. Kg2 Rh4 62. b5 h5 63. Rh6+ Kg8 64. Rhg6+ Rg7 65. b6 Rxg6 66. Rxg6+ Kf7 67. Rc6 Rg4+ 68. Kh3 Rh4+ 69. Kg3 Rg4+ 70. Kf3 Rf4+ 71. Ke3 Rf1 72. Rc5 Re1+ 73. Kf2 Re8 74. b7 Rb8 75. Rc7+ Ke6 76. c5 h4 77. c6 Rf8+ 78. Kg2 g4 79. Rc8 h3+ 80. Kg3 h2 81. Kxh2 g3+ 82. Kxg3 1-0


[Site "https://www.chess.com"]

[Event "Titled Tuesday Blitz January 17 Early 2023"]
[White "Rakotomaharo, Fy Antenaina"]
[Black "Korobov, Anton"]
[WhiteFideId "13100050"]
[BlackFideId "14105730"]
[WhiteElo "2459"]
[BlackElo "2664"]
[Result "0-1"]
[Round "05"]
[TimeControl "180+2"]
[Date "2023.01.17"]
[WhiteClock "0:00:04"]
[BlackClock "0:00:30"]

1. e4 e6 2. d3 d5 3. Nd2 Nf6 4. Ngf3 Be7 5. g3 O-O 6. Bg2 a5 7. a4 dxe4 8. dxe4 b6 9. O-O Ba6 10. Re1 Nc6 11. e5 Nd5 12. Ne4 Ndb4 13. Bd2 Qd5 14. Nc3 Qd7 15. Nb5 Rad8 16. Qc1 Bxb5 17. axb5 Nd4 18. Nxd4 Qxd4 19. Bxb4 Qxb4 20. c4 Rd2 21. Qc3 Rxb2 22. Qxb4 Bxb4 23. Red1 Bc5 24. Rd7 Rxf2 25. Kh1 Rc2 26. Rxc7 Rxc4 27. Rd1 a4 28. Ra7 a3 29. h4 Rc3 30. g4 Re3 31. g5 Rxe5 32. Kh2 g6 33. Bc6 Re3 34. Kg2 Kg7 35. Rf1 Re2+ 36. Kh3 h5 37. Be8 Rf2 38. Rxf2 Bxf2 39. Bd7 a2 40. Rxa2 Rd8 41. Ra7 Kf8 42. Rb7 Ra8 43. Bc6 Ra3+ 44. Kg2 Bxh4 45. Rxb6 Bxg5 46. Rb8+ Kg7 47. b6 Bf4 48. Rd8 h4 49. b7 h3+ 50. Kf2 Rb3 51. Rd1 g5 52. Rh1 g4 53. Ke2 f5 54. Rf1 Bb8 55. Kd2 Kf6 56. Kc2 Rb6 57. Bh1 g3 58. Bf3 g2 59. Rd1 Bh2 60. Kc3 g1=Q 0-1


[Site "https://www.chess.com"]

[Event "Titled Tuesday Blitz January 17 Early 2023"]
[White "Ashraf, Artin"]
[Black "Bortnyk, Mykola"]
[WhiteFideId "22514805"]
[BlackFideId "14120836"]
[WhiteElo "2314"]
[BlackElo "2425"]
[Result "1-0"]
[Round "05"]
[TimeControl "180+2"]
[Date "2023.01.17"]
[WhiteClock "0:00:04"]
[BlackClock "0:00:02"]

1. c4 g6 2. Nc3 Bg7 3. g3 h5 4. Nf3 e6 5. d4 Ne7 6. Bg2 d5 7. O-O dxc4 8. Qa4+ Bd7 9. Qxc4 Bc6 10. e4 Nd7 11. Rd1 Nb6 12. Qe2 O-O 13. Bg5 f6 14. Be3 Qe8 15. Rac1 Rd8 16. b3 a6 17. a4 g5 18. Ne1 Qg6 19. Nd3 f5 20. Ne5 Bxe5 21. dxe5 f4 22. Bc5 Rde8 23. Qd2 Nd7 24. Bd4 f3 25. Bf1 h4 26. b4 hxg3 27. fxg3 Rf7 28. b5 axb5 29. axb5 Bxe4 30. Nxe4 Qxe4 31. Qxg5+ Rg7 32. Qe3 Qxe3+ 33. Bxe3 Nd5 34. Bd4 Rg5 35. Re1 Rf8 36. Kf2 Rg4 37. Red1 Re4 38. Rc4 Nxe5 39. Bxe5 Rxe5 40. Rd3 Ref5 41. Bh3 R5f6 42. Re4 Kf7 43. Rxf3 Rxf3+ 44. Kxf3 Nc3 45. Rf4+ Ke7 46. Rxf8 Kxf8 47. Bf1 Kf7 48. h4 c6 49. bxc6 bxc6 50. Bc4 Na4 51. g4 Nb6 52. Bd3 c5 53. g5 c4 54. Bc2 Nd5 55. h5 Nb4 56. Be4 c3 57. Ke3 Nd5+ 58. Kd4 Nf4 59. h6 Ne2+ 60. Ke5 Ng3 61. g6+ Ke7 62. h7 Nxe4 63. h8=Q c2 64. Qg7+ Kd8 65. Qf8+ Kc7 66. Qf1 Nd2 67. Qc1 Nc4+ 68. Kd4 1-0


[Site "https://www.chess.com"]